 Dungeon Crawl Stone Soup version 0.17-a0-1262-gd250d98 (webtiles) character file.

228 Fluffy the Stinger (level 6, -8/36 HPs)
             Began as an Octopode Venom Mage on June 6, 2015.
             Killed by nerve-wracking pain
             ... invoked by Grinder
              (12 damage)
             ... while paralysed by Grinder
             ... in a sewer.
             The game lasted 00:11:46 (2461 turns).

Fluffy the Stinger (Octopode Venom Mage)            Turns: 2461, Time: 00:11:46

Health: -8/36      AC:  1    Str:  8    XL:     6   Next: 2%
Magic:  1/10       EV:  2    Int: 19    God:
Gold:   20         SH:  0    Dex: 12    Spells: 2 memorised, 6 levels left

rFire  . . .     SeeInvis .     f - +0 spear
rCold  . . .     Clarity  .     (no shield)
rNeg   . . .     SustAt   .     (helmet restricted)
rPois  .         Gourm    .     (no amulet)
rElec  .         Spirit   .     (no ring)
rCorr  .         Warding  .     (no ring)
rMut   .         Stasis   .     (no ring)
MR     .....                    (no ring)
Stlth  +++.......               (no ring)
                                (no ring)
                                (no ring)
                                (no ring)

@: paralysed, flying, not resistant to hostile enchantments, fairly stealthy
A: almost no armour, amphibious, 8 rings, constrict 8, camouflage 1, gelatinous
body 1
a: no special abilities


You were in a sewer.
You were very hungry.

You visited 1 branch of the dungeon, and saw 3 of its levels.
You also visited: Sewer.

You collected 20 gold pieces.

Inventory:

Hand weapons
 f - a +0 spear (weapon)
Scrolls
 e - 3 scrolls of fear {unknown}
 h - a scroll of recharging {unknown}
 i - 2 scrolls of identify {unknown}
 k - 2 scrolls of remove curse {unknown}
Books
 a - a Young Poisoner's Handbook

   Spells                             Type                      Level
   a - Sting                          Conjuration/Poison           1
   b - Cure Poison                    Poison                       2
   c - Mephitic Cloud                 Conjuration/Poison/Air       3
   d - Olgreb's Toxic Radiance        Poison                       4
   e - Venom Bolt                     Conjuration/Poison           5
Comestibles
 b - 2 bread rations
 g - 2 beef jerkies
 j - a meat ration


   Skills:
 - Level 2.0 Dodging
 - Level 2.6 Stealth
 - Level 2.9 Spellcasting
 + Level 3.1 Conjurations
 + Level 3.0 Air Magic
 - Level 5.5 Poison Magic


You had 6 spell levels left.
You knew the following spells:

 Your Spells              Type           Power        Failure   Level  Hunger
a - Sting                 Conj/Pois      ###.         2%          1    None
b - Mephitic Cloud        Conj/Pois/Air  ###.....     12%         3    ###....


Dungeon Overview and Level Annotations

Branches:
Dungeon (3/15)

Altars:
Dithmenos

Annotations:
Sewer Grinder


Innate Abilities, Weirdness & Mutations

You cannot wear most types of armour.
You are amphibious.
You can wear up to eight rings at the same time.
You can use your tentacles to constrict eight enemies at once.
Your skin changes colour to match your surroundings (Stealth).
Your rubbery body absorbs attacks (AC +1).


Message History

Attack whom?
Press: ? - help, Dir - move target cursor, f/p - Grinder
Aim: Grinder (almost dead)
You reach to attack!
You closely miss Grinder.
Grinder is almost dead.
Attack whom?
Press: ? - help, Dir - move target cursor, f/p - Grinder
Aim: Grinder (almost dead)
You reach to attack!
You hit Grinder.
Grinder is almost dead.
Attack whom?
Press: ? - help, Dir - move target cursor, f/p - Grinder
Aim: Grinder (almost dead)
You reach to attack!
You closely miss Grinder.
Grinder is almost dead.
Grinder gestures at you.
You suddenly lose the ability to move!
Grinder gestures at you. Pain shoots through your body!
You die...

#############'##
#≈≈)#≈≈≈≈(≈#...#≈≈≈
#≈...≈.≈K≈≈)†..K≈≈.
#≈≈.#†..)..#≈≈≈#)..
##)##'#######≈##
#≈.≈#......#≈≈≈# .
#.≈5#.≈≈≈..#≈≈≈#..
#≈≈≈#≈≈≈≈≈...≈...≈
#≈≈@#≈≈≈≈≈≈#≈.≈#≈≈≈≈
#≈≈(#≈≈≈≈≈≈≈.≈.#≈≈≈≈
#≈≈≈#≈≈≈≈≈≈#.≈.#≈≈≈≈
#≈≈≈#≈≈≈≈≈≈#.≈.≈≈≈≈≈
#≈≈≈#≈≈≈≈≈≈#.≈.#≈≈≈≈
#≈≈≈#≈≈≈≈≈≈≈.≈.#≈≈≈≈
#≈≈≈#≈≈≈≈≈≈≈.≈.≈≈≈≈≈
#≈≈≈#≈≈≈≈≈≈#.≈.#≈≈≈≈
#≈≈≈#≈≈≈≈≈≈≈.≈.#≈≈≈≈


You could see Grinder.

Vanquished Creatures
  A big kobold (Sewer)
  2 big kobold zombies (Sewer)
  2 adders (D:2)
  2 river rats (D:3)
  3 ufetubi (Sewer)
  An orc (D:3)
  A ball python (D:1)
  A bat zombie (Sewer)
  3 giant cockroaches
  10 hobgoblins
  7 jackals (D:1)
  26 kobolds
  A quokka (D:2)
  13 bats
  2 giant newts
  10 goblins
  A kobold zombie (Sewer)
  5 rats
91 creatures vanquished.

Vanquished Creatures (others)
  A big kobold zombie (Sewer)
  An ufetubus (Sewer)
  2 oozes (Sewer)
  2 giant cockroaches (Sewer)
6 creatures vanquished.

Grand Total: 97 creatures vanquished

Notes
Turn   | Place    | Note
--------------------------------------------------------------
     0 | D:1      | Fluffy the Octopode Venom Mage began the quest for the Orb.
     0 | D:1      | Reached XP level 1. HP: 11/11 MP: 3/3
   281 | D:1      | Reached skill level 5 in Poison Magic
   351 | D:1      | Reached XP level 2. HP: 17/17 MP: 3/5
   584 | D:1      | Reached XP level 3. HP: 14/21 MP: 1/7
   915 | D:1      | Learned a level 3 spell: Mephitic Cloud
  1264 | D:2      | Reached XP level 4. HP: 25/27 MP: 5/8
  1276 | D:2      | Reached skill level 1 in Conjurations
  1276 | D:2      | Reached skill level 1 in Air Magic
  1727 | D:3      | Found a shadowy altar of Dithmenos.
  1744 | D:3      | Found a glowing drain.
  1841 | Sewer    | Entered a sewer
  2169 | Sewer    | Reached XP level 5. HP: 24/31 MP: 9/9
  2345 | Sewer    | Noticed a big kobold
  2370 | Sewer    | Killed a big kobold
  2378 | Sewer    | Reached XP level 6. HP: 13/36 MP: 1/10
  2403 | Sewer    | Noticed a big kobold
  2425 | Sewer    | Noticed Grinder
  2438 | Sewer    | Paralysed by Grinder for 2 turns
  2449 | Sewer    | Paralysed by Grinder for 4 turns
  2458 | Sewer    | Paralysed by Grinder for 6 turns
  2461 | Sewer    | Killed from afar by Grinder

Vault maps used:
D:1:      dpeg_cavernosity, roderic_roman_lattice
D:2:      minivault_25, minmay_misc_feat_tiny
D:3:      grunt_dithmenos_smoke_and_mirrors, portal_sewer_entry_a
Sewer:    kennysheep_sewer_church

Action                   |  1- 3 |  4- 6 || total
-------------------------+-------+-------++-------
Melee: Unarmed           |     4 |       ||     4
       Short sword       |     1 |       ||     1
       Spear             |    57 |   100 ||   157
 Cast: Sting             |    46 |    41 ||    87
       Mephitic Cloud    |       |     2 ||     2
  Use: Scroll            |       |     1 ||     1
       Potion            |       |     1 ||     1
 Stab: Sleeping          |     5 |     4 ||     9
       Distracted        |       |     1 ||     1
  Eat: Chunk             |     1 |     3 ||     4
